Map: Odyssey LE

Players

Funcio

  • Race: Protoss Protoss
  • League: Diamond
  • Spawn Location: 5:00

HEMORRHOIDS - Winner!

  • Race: Protoss Protoss
  • League: Diamond
  • Spawn Location: 11:00

VOD

Have the link to the VOD?

Description

Time

  • Played on: Dec. 16, 2017, 10:55 a.m.
  • Length: 8:04
Show
View Real Time Build Order
Export as new Build Order

Funcio Protoss 

Build Orders:  

Get SALT Encoding   

  12  0:00  Probe  
  13  0:12  Probe  
  14  0:19  Pylon  
  14  0:25  Probe  
  15  0:37  Probe (Chrono Boost)  
  15  0:42  Gateway  
  16  0:48  Assimilator  
  16  0:49  Probe (Chrono Boost)  
  17  0:51  Probe  
  19  1:18  Probe  
  19  1:53  Gateway  
  19  1:54  Nexus, Pylon  
  19  2:07  Probe  
  19  2:41  Pylon  
  21  2:50  Cybernetics Core  
  19  2:56  Assimilator  
  13  3:34  Probe  
  13  4:03  Nexus  
  8  5:09  Pylon  
  8  5:33  Probe  
  9  5:49  Forge  
  10  5:50  Probe (Chrono Boost)  
  10  6:02  Probe (Chrono Boost)  
  11  6:12  Probe  
  12  6:24  Probe, Photon Cannon  
  13  6:39  Photon Cannon  
  13  7:11  Photon Cannon  
Show
View Real Time Build Order
Export as new Build Order

HEMORRHOIDS Protoss - Winner!

Build Orders:  

Get SALT Encoding   

  12  0:00  Probe  
  13  0:13  Probe  
  14  0:18  Pylon  
  14  0:25  Probe  
  15  0:37  Probe  
  15  0:41  Forge  
  16  1:01  Pylon  
  16  1:03  Pylon  
  16  1:05  Pylon  
  16  1:22  Pylon  
  16  1:25  Pylon  
  16  1:29  Pylon  
  16  1:32  Pylon  
  16  1:40  Probe  
  16  1:45  Photon Cannon  
  17  1:49  Photon Cannon  
  17  1:53  Probe  
  18  2:15  Pylon  
  18  2:27  Photon Cannon  
  18  2:28  Photon Cannon  
  18  2:33  Photon Cannon  
  18  2:36  Photon Cannon  
  18  2:46  Photon Cannon  
  18  2:57  Photon Cannon  
  18  3:08  Pylon  
  18  3:16  Photon Cannon  
  18  3:22  Photon Cannon  
  18  3:26  Probe  
  19  3:38  Probe  
  19  3:40  Photon Cannon  
  20  3:50  Probe  
  20  3:53  Gateway  
  21  3:56  Assimilator  
  21  4:01  Photon Cannon  
  21  4:09  Gateway  
  21  4:14  Photon Cannon  
  21  4:24  Probe, Assimilator  
  22  4:38  Pylon  
  22  5:00  Zealot (Chrono Boost)  
  22  5:04  Probe  
  25  5:08  Cybernetics Core  
  25  5:11  Zealot (Chrono Boost), Pylon  
  27  5:16  Probe  
  27  5:17  Zealot (Chrono Boost)  
  32  5:43  Zealot (Chrono Boost)  
  32  5:56  Stalker  
  34  5:57  Warp Gate  
  34  6:00  Gateway  
  34  6:01  Gateway  
  34  6:02  Zealot  
  36  6:07  Pylon  
  36  6:29  Zealot  
  37  6:48  Pylon  
  37  6:49  Pylon  
  37  6:51  Pylon  
  37  6:52  Pylon  
  35  7:07  Photon Cannon  
  31  7:21  Gateway  
  29  7:22  Photon Cannon  
  29  7:24  Photon Cannon  
Tags
 
Matchup
PvP
Spawn Locations
Cross Positions
Add a new tag
Caveats
  • Supply blocks, unpowered buildings, or Contaminate may cause inaccurate times.
  • Supply counts are checked every 10 seconds.